AoeStats
← AgentOrange

Black Forest

505171895Analyzed
3v3 RM · 25d ago on Sep 8, 2026· 82m 15s· 6 players
Game mode
Random Map
Map size
Normal (6 player)
Population
200
Speed
Normal
Resources
Standard
Victory
Conquest
Starting age
Dark Age
Ending age
Imperial Age
RankedLock teamsTeams togetherTeam positionsShared explorationLock speedFull tech treeHidden civsTurbo modeCheats
Victory
Defeat
🇦🇷 Bulgarians · Argentina
1000
+14
🇵🇪 Hindustanis · Peru
920
+17
🇧🇷 Mongols · Brazil
914
+18
🇺🇸 Byzantines · United States
1007
-19
🇳🇿 Cumans · New Zealand
990
-18
🇺🇸 Bohemians · United States
854
-12
Hankuro
0:36 Loom
12:57 Feudal Age
14:07 Double-Bit Axe
14:04 Horse Collar
17:48 Wheelbarrow
18:38 Town Watch
21:19 Castle Age
20:22 Stone Mining
20:49 Forging
20:53 Gold Mining
21:34 Scale Mail Armor
22:40 Hand Cart
23:03 Iron Casting
23:25 Bow Saw
24:38 Chain Mail Armor
25:11 Arson
25:39 Fletching
27:55 Squires
28:07 Fletching
29:21 Gold Shaft Mining
34:51 Stone Shaft Mining
37:14 Coinage
39:36 Imperial Age
37:44 Town Patrol
38:13 Grand Trunk Road
40:20 Stone Shaft Mining
40:03 Elite Ghulam
41:04 Conscription
42:27 Blast Furnace
44:10 Bodkin Arrow
46:24 Banking
47:02 Hoardings
46:46 Bracer
47:56 Two-Man Saw
48:20 Masonry
48:06 Murder Holes
49:12 Chemistry
48:33 Ballistics
49:38 Caravan
52:05 Siege Engineers
53:13 Fortified Wall
57:35 Hoardings
74:13 Scale Barding Armor
75:11 Bloodlines
75:01 Husbandry
74:21 Light Cavalry
75:59 Heavy Camel Rider
76:02 Hussar
Fachaman
0:30 Loom
16:22 Feudal Age
18:31 Arson
22:27 Castle Age
22:11 Scale Mail Armor
22:34 Horse Collar
24:02 Squires
25:32 Town Watch
26:01 Fletching
27:34 Gold Mining
31:25 Chain Mail Armor
31:02 Gambesons
33:53 Wheelbarrow
38:34 Imperial Age
37:27 Town Patrol
39:02 Masonry
40:05 Hand Cart
40:34 Conscription
39:37 Capped Ram
40:29 Heavy Scorpion
41:20 Pikeman
43:07 Plate Mail Armor
42:16 Siege Ram
43:21 Forging
44:53 Chemistry
44:25 Heavy Plow
45:48 Murder Holes
47:41 Iron Casting
47:01 Bodkin Arrow
48:24 Bracer
49:25 Blast Furnace
48:18 Halberdier
49:48 Fervor
49:11 Onager
51:24 Bagains
55:13 Stirrups
55:34 Scale Barding Armor
55:47 Caravan
57:02 Husbandry
57:13 Bloodlines
56:27 Cavalier
56:33 Light Cavalry
57:37 Chain Barding Armor
57:44 Double-Bit Axe
58:48 Hussar
60:57 Plate Barding Armor
62:39 Siege Onager
76:16 Architecture
82:07 Siege Engineers
KatituWanted
0:31 Loom
10:14 Feudal Age
11:44 Double-Bit Axe
18:05 Castle Age
17:16 Stone Mining
33:17 Imperial Age
31:43 Nomads
33:29 Gold Mining
33:31 Elite Mangudai
34:31 Conscription
34:26 Capped Ram
35:51 Wheelbarrow
36:40 Chemistry
35:33 Fletching
35:44 Padded Archer Armor
35:54 Siege Ram
36:35 Bodkin Arrow
36:56 Leather Archer Armor
37:07 Ballistics
37:34 Bow Saw
37:08 Horse Collar
37:54 Bracer
38:59 Onager
44:03 Drill
50:00 Elite Skirmisher
62:28 Gold Shaft Mining
68:50 Stone Shaft Mining
73:22 Pikeman
74:03 Squires
shabolobodingdong
2:11 Loom
12:40 Feudal Age
18:26 Castle Age
16:23 Double-Bit Axe
17:12 Man-at-Arms
17:40 Arson
19:55 Bow Saw
20:58 Horse Collar
26:42 Chemistry
29:00 Wagenburg Tactics
28:39 Long Swordsman
32:06 Imperial Age
30:20 Wheelbarrow
32:13 Hand Cart
32:20 Forging
32:11 Scale Mail Armor
35:29 Two-Man Saw
34:47 Two-Handed Swordsman
35:34 Squires
36:10 Siege Engineers
37:39 Elite Hussite Wagon
38:44 Conscription
38:53 Champion
46:22 Iron Casting
55:57 Caravan
Glowie_Bot
0:36 Loom
14:57 Feudal Age
16:56 Double-Bit Axe
20:22 Man-at-Arms
23:11 Wheelbarrow
23:12 Scale Mail Armor
24:16 Horse Collar
28:19 Castle Age
27:29 Gold Mining
29:26 Bow Saw
29:20 Heavy Plow
30:36 Long Swordsman
31:39 Hand Cart
32:31 Squires
37:00 Chain Mail Armor
38:30 Caravan
39:19 Elite Skirmisher
39:49 Gambesons
40:00 Treadmill Crane
44:24 Imperial Age
42:48 Fortified Wall
42:13 Pikeman
42:57 Arson
44:37 Two-Handed Swordsman
48:06 Plate Mail Armor
47:56 Forging
47:48 Padded Archer Armor
48:00 Capped Ram
49:54 Chemistry
49:15 Ballistics
48:52 Capped Ram
50:08 Champion
58:48 Scale Barding Armor
59:18 Iron Casting
64:46 Light Cavalry
65:27 Husbandry
76:30 Crop Rotation
AgentOrange
3:24 Loom
10:12 Feudal Age
16:29 Double-Bit Axe
16:26 Horse Collar
21:34 Castle Age
21:19 Wheelbarrow
28:18 Imperial Age
26:26 Hand Cart
26:57 Forging
26:37 Fletching
26:53 Scale Mail Armor
27:04 Stone Mining
26:55 Pikeman
27:38 Squires
27:02 Capped Ram
28:17 Town Watch
32:57 Bow Saw
32:49 Heavy Plow
35:25 Conscription
35:10 Bodkin Arrow
35:22 Scale Barding Armor
35:18 Padded Archer Armor
35:46 Gold Mining
36:20 Steppe Husbandry
37:18 Gold Shaft Mining
37:45 Two-Man Saw
37:17 Crop Rotation
37:11 Chain Barding Armor
37:08 Elite Skirmisher
37:10 Crossbowman
37:58 Thumb Ring
38:18 Parthian Tactics
38:40 Bloodlines
38:55 Ballistics
39:37 Chemistry
40:24 Leather Archer Armor
40:45 Plate Barding Armor
41:32 Elite Kipchak
44:14 Cuman Mercenaries
47:45 Murder Holes
48:01 Masonry
50:12 Siege Ram
50:14 Onager
51:19 Caravan
55:16 Siege Onager
69:45 Elite Steppe Lancer
71:19 Chain Mail Armor
Connection lost

Rejoining the realm…

Still unreachable

The connection could not be restored.

Session expired

The server has moved on; the page needs a fresh start.